Sharks vs Jets
Created - den 4 januari 2015 at 17:43
Goals
|
| Sharks |
1 |
3 |
2 |
6 |
| Jets |
0 |
1 |
0 |
1 |
|
Shots
|
| Sharks |
13 |
14 |
12 |
39 |
| Jets |
4 |
7 |
9 |
20 |
|
1st period
1. Sharks , Jay McClement 3 (Sean Couturier, Christian Ehrhoff) at 7:55
Penalties :
Louis Leblanc (WPG) for Charging (Minor) at 13:09
2nd period
2. Sharks , Zach Bogosian 1 (Sean Couturier, Justin Braun) at 2:38
3. Sharks , Jeff Skinner 18 (Mike Ribeiro) at 2:46 (PP)
4. Jets , Louis Leblanc 2 (Mikkel Boedker, Mike Green) at 4:30
5. Sharks , Alexander Semin 11 (Nick Bonino, Tyler Ennis) at 13:11 (PP)
Penalties :
Jordan Staal (WPG) for Roughing (Minor) at 0:18, Jean-Gabriel Pageau (WPG) for Roughing (Minor) at 2:40, Sami Vatanen (WPG) for Hooking (Minor) at 12:38, Mike Green (WPG) for Diving (Minor) at 14:08, Jack Johnson (SJS) for Roughing (Minor) at 17:00, Christian Ehrhoff (SJS) for Close Hand On Puck (Minor) at 19:59
3rd period
6. Sharks , Alexander Semin 12 (Jack Johnson, Jared Spurgeon) at 9:32
7. Sharks , Alexander Semin 13 (Tyler Ennis, Nick Bonino) at 19:02
Penalties :
Justin Braun (SJS) for Interference (Minor) at 3:21, Ryan Ellis (WPG) for Holding (Minor) at 13:34
Goalie Stats
Cory Schneider (SJS), 19 saves from 20 shots - (0,950), W, 19-13-2, 60:00 minutes
Ray Emery (WPG), 33 saves from 39 shots - (0,846), L, 7-13-4, 60:00 minutes
Players Stats for Sharks
Player Name G A P +/- PIM S H SB GA TA FO MP PP MP PK MP
------------------------------------------------------------------------------------
Alexander Semin 3 0 3 1 0 4 0 0 0 0 1/2 16:32 4:45 0:00
Andrew Ladd 0 0 0 0 0 3 5 1 0 0 2/2 22:27 3:50 1:49
Christian Ehrhoff 0 1 1 1 2 1 1 1 0 0 0/0 16:52 4:50 1:36
Colin McDonald 0 0 0 1 0 0 0 0 0 0 0/0 5:43 0:00 0:00
Dmitry Orlov 0 0 0 0 0 0 0 0 0 0 0/0 4:16 0:00 0:00
Jack Johnson 0 1 1 2 2 2 3 1 0 0 0/0 23:46 3:45 2:02
Jared Spurgeon 0 1 1 2 0 1 2 0 0 0 0/0 21:33 4:50 2:59
Jay McClement 1 0 1 1 0 1 0 0 0 0 4/7 9:21 0:00 3:38
Jeff Skinner 1 0 1 0 0 7 0 0 0 0 0/2 20:38 3:50 0:00
Joe Corvo 0 0 0 1 0 4 0 0 0 0 0/0 14:12 3:45 0:00
Josh Bailey 0 0 0 1 0 1 0 0 0 0 0/1 11:10 0:00 0:00
Justin Braun 0 1 1 0 2 0 0 1 0 0 0/0 18:56 0:00 1:56
Lars Eller 0 0 0 1 0 2 2 0 0 0 2/3 13:29 0:00 2:19
Mike Ribeiro 0 1 1 0 0 2 0 0 0 0 9/25 20:38 3:50 0:00
Nick Bonino 0 2 2 1 0 2 2 0 0 0 8/19 16:32 4:45 0:00
Sean Couturier 0 2 2 2 0 6 0 0 0 0 7/18 21:01 0:00 4:08
Tyler Ennis 0 2 2 1 0 2 2 0 0 0 0/0 16:32 4:45 0:00
Zach Bogosian 1 0 1 0 0 1 2 1 0 0 0/0 20:22 0:00 3:21
Players Stats for Jets
Player Name G A P +/- PIM S H SB GA TA FO MP PP MP PK MP
------------------------------------------------------------------------------------
Colton Sceviour 0 0 0 0 0 1 0 0 0 0 0/0 8:34 0:00 0:00
Jamie Oleksiak 0 0 0 -2 0 0 0 0 0 0 0/0 19:18 0:00 3:23
Jason Zucker 0 0 0 -1 0 2 1 0 0 0 0/0 9:40 0:00 0:00
Jean-Gabriel Pageau 0 0 0 0 2 0 1 0 0 0 5/10 10:52 0:00 2:19
Joakim Nordstrom 0 0 0 -1 0 1 0 0 0 0 10/15 11:59 0:00 2:19
John Erskine 0 0 0 1 0 0 2 0 0 0 0/0 20:44 0:00 3:16
Jordan Eberle 0 0 0 -2 0 3 0 0 0 0 1/2 22:16 3:31 5:31
Jordan Staal 0 0 0 -2 2 3 1 0 0 0 17/26 19:57 2:26 4:18
Justin Schultz 0 0 0 -2 0 0 0 1 0 0 0/0 21:07 3:54 2:43
Louis Leblanc 1 0 1 0 2 2 3 0 0 0 8/16 14:36 0:00 0:37
Mike Green 0 1 1 1 2 0 0 3 0 0 0/0 23:12 3:54 3:54
Mikkel Boedker 0 1 1 0 0 1 6 0 0 0 2/2 16:26 2:26 0:00
Ryan Ellis 0 0 0 -2 2 1 5 1 0 0 0/0 19:20 2:03 3:10
Ryan Murphy 0 0 0 0 0 3 1 0 0 0 1/1 16:02 2:02 0:00
Sami Vatanen 0 0 0 -2 2 0 0 1 0 0 0/0 16:16 2:03 0:44
Sean Bergenheim 0 0 0 -1 0 1 1 0 0 0 0/1 13:11 3:31 0:00
Tuomo Ruutu 0 0 0 -2 0 1 3 0 0 0 2/5 18:06 3:31 1:21
Viktor Stalberg 0 0 0 0 0 1 1 0 0 0 0/1 9:43 0:24 0:45
3 Stars
1 - Alexander Semin (SJS)
2 - Sean Couturier (SJS)
3 - Tyler Ennis (SJS)
Power Play
Sharks - 2 on 6 Attempt(s) - 33,33%
Jets - 0 on 3 Attempt(s) - 0,00%
Penalty Kill
Sharks - 3 on 3 Attempt(s) - 100,00%
- Score 0 goal in Penalty Kill
Jets - 4 on 6 Attempt(s) - 66,67%
- Score 0 goal in Penalty Kill
Team Stat
Sharks - Hits : 19 - Faceoff Wins : 33 - Blocked Shots : 5 - Penalty Minutes : 6
Jets - Hits : 25 - Faceoff Wins : 46 - Blocked Shots : 6 - Penalty Minutes : 12
Official
Referees : Brett Iverson and Tim Peel
Linesman : Mark Hamlett and Brad Duncan
Game Notes
Alexander Semin has scored a Hat Trick!
Finance
Level 1 -- Attendance: 4674 (77,90%) -- Ticket Income 420.660 kr
Level 2 -- Attendance: 5000 (100,00%) -- Ticket Income 250.000 kr
Level 3 -- Attendance: 1015 (100,00%) -- Ticket Income 32.480 kr
Level 4 -- Attendance: 2000 (100,00%) -- Ticket Income 48.000 kr
Luxury Box -- Attendance: 1000 (100,00%) -- Ticket Income 190.000 kr
Game was played at the MTS Center'
Total Attendance: 13689 (91,17%)
Total Ticket Income: 941.140 kr
Other Income: 461.159 kr
Total Income: 1.402.299 kr
Sharks
5 vs 5 Forward
Center Left Wing Right Wing Time % Phy DF OF
1 Mike Ribeiro Andrew Ladd Jeff Skinner 42 1 1 3
2 Nick Bonino Tyler Ennis Alexander Semin 33 1 1 3
3 Sean Couturier Josh Bailey Lars Eller 20 1 1 3
4 Sean Couturier Jay McClement Colin McDonald 5 2 2 1
5 vs 5 Defense
Defense Defense Time % Phy DF OF
1 Jared Spurgeon Jack Johnson 41 1 2 2
2 Zach Bogosian Justin Braun 37 1 2 2
3 Christian Ehrhoff Joe Corvo 17 1 2 2
4 Jack Johnson Dmitry Orlov 5 1 3 1
PowerPlay Forward
Center Left Wing Right Wing Time % Phy DF OF
1 Mike Ribeiro Andrew Ladd Jeff Skinner 70 0 0 5
2 Nick Bonino Tyler Ennis Alexander Semin 30 0 0 5
PowerPlay Defense
Defense Defense Time % Phy DF OF
1 Jared Spurgeon Christian Ehrhoff 70 0 0 5
2 Joe Corvo Jack Johnson 30 0 0 5
Penalty Kill 4 Players Forward
Center Wing Time % Phy DF OF
1 Jay McClement Sean Couturier 75 0 5 0
2 Lars Eller Andrew Ladd 25 0 5 0
Penalty Kill 4 Players Defense
Defense Defense Time % Phy DF OF
1 Justin Braun Zach Bogosian 60 1 4 0
2 Jack Johnson Jared Spurgeon 40 1 4 0
Penalty Kill - 3 Players Forward
Forward Time % Phy DF OF
1 Jay McClement 60 0 5 0
2 Sean Couturier 40 0 5 0
Penalty Kill - 3 Players Defense
Defense Defense Time % Phy DF OF
1 Justin Braun Zach Bogosian 60 1 4 0
2 Jack Johnson Jared Spurgeon 40 1 4 0
4 vs 4 Forward
Center Wing Time % Phy DF OF
1 Mike Ribeiro Jeff Skinner 60 0 1 4
2 Andrew Ladd Alexander Semin 40 0 1 4
4 vs 4 Defense
Defense Defense Time % Phy DF OF
1 Jack Johnson Jared Spurgeon 60 1 2 2
2 Zach Bogosian Justin Braun 40 1 2 2
Last Minutes Offensive
Center Left Wing Right Wing Defense Defense
Mike Ribeiro Andrew Ladd Jeff Skinner Jared Spurgeon Christian Ehrhoff
Last Minutes Defensive
Center Left Wing Right Wing Defense Defense
Sean Couturier Andrew Ladd Lars Eller Jack Johnson Jared Spurgeon
Goaltenders
Starting : Cory Schneider
Backup : Cal Heeter
Extra Forwards
Normal : Andrew Ladd, Jeff Skinner, Alexander Semin - PP : Andrew Ladd, Alexander Semin - PK : Jay McClement
Extra Defensemen
Normal : Christian Ehrhoff, Jack Johnson, Zach Bogosian - PP : Christian Ehrhoff - PK : Jack Johnson, Zach Bogosian
Penalty Shots
Andrew Ladd, Nick Bonino, Tyler Ennis, Jeff Skinner, Lars Eller
Jets
5 vs 5 Forward
Center Left Wing Right Wing Time % Phy DF OF
1 Jordan Staal Tuomo Ruutu Jordan Eberle 40 1 2 2
2 Louis Leblanc Mikkel Boedker Ryan Murphy 30 1 2 2
3 Joakim Nordstrom Jason Zucker Sean Bergenheim 20 1 2 2
4 Jean-Gabriel Pageau Viktor Stalberg Colton Sceviour 10 1 2 2
5 vs 5 Defense
Defense Defense Time % Phy DF OF
1 Mike Green John Erskine 40 1 2 2
2 Ryan Ellis Justin Schultz 30 1 2 2
3 Jamie Oleksiak Sami Vatanen 20 1 2 2
4 Jamie Oleksiak John Erskine 10 1 2 2
PowerPlay Forward
Center Left Wing Right Wing Time % Phy DF OF
1 Jordan Staal Ryan Murphy Mikkel Boedker 60 1 2 2
2 Tuomo Ruutu Sean Bergenheim Jordan Eberle 40 1 2 2
PowerPlay Defense
Defense Defense Time % Phy DF OF
1 Justin Schultz Mike Green 60 1 2 2
2 Sami Vatanen Ryan Ellis 40 1 2 2
Penalty Kill 4 Players Forward
Center Wing Time % Phy DF OF
1 Jordan Staal Jordan Eberle 60 1 2 2
2 Joakim Nordstrom Jean-Gabriel Pageau 40 1 2 2
Penalty Kill 4 Players Defense
Defense Defense Time % Phy DF OF
1 John Erskine Jamie Oleksiak 60 1 2 2
2 Ryan Ellis Mike Green 40 1 2 2
Penalty Kill - 3 Players Forward
Forward Time % Phy DF OF
1 Jean-Gabriel Pageau 60 1 2 2
2 Jordan Staal 40 1 2 2
Penalty Kill - 3 Players Defense
Defense Defense Time % Phy DF OF
1 John Erskine Jamie Oleksiak 60 1 2 2
2 Ryan Ellis Mike Green 40 1 2 2
4 vs 4 Forward
Center Wing Time % Phy DF OF
1 Jordan Staal Tuomo Ruutu 60 1 2 2
2 Louis Leblanc Ryan Murphy 40 1 2 2
4 vs 4 Defense
Defense Defense Time % Phy DF OF
1 John Erskine Jamie Oleksiak 60 1 2 2
2 Mike Green Justin Schultz 40 1 2 2
Last Minutes Offensive
Center Left Wing Right Wing Defense Defense
Jordan Staal Mikkel Boedker Tuomo Ruutu Justin Schultz Mike Green
Last Minutes Defensive
Center Left Wing Right Wing Defense Defense
Jordan Staal Jason Zucker Tuomo Ruutu Mike Green John Erskine
Goaltenders
Starting : Ray Emery
Backup : Vitek Vanecek
Extra Forwards
Normal : Tuomo Ruutu, Jordan Staal, Jason Zucker - PP : Jordan Eberle, Tuomo Ruutu - PK : Jordan Staal
Extra Defensemen
Normal : Ryan Ellis, Jamie Oleksiak, Justin Schultz - PP : Jamie Oleksiak - PK : Justin Schultz, Sami Vatanen
Penalty Shots
Ryan Ellis, Mikkel Boedker, Jordan Eberle, Ryan Murphy, Jordan Staal
% Time on Ice - Sharks
Lines # - Real PCT - Wanted PCT - Time Play
Normal Forward
1 - 37% - 42% - 16:48
2 - 26% - 33% - 11:47
3 - 25% - 20% - 11:10
4 - 13% - 5% - 5:43
Normal Defense
1 - 30% - 41% - 13:44
2 - 37% - 37% - 17:01
3 - 23% - 17% - 10:27
4 - 9% - 5% - 4:16
PP Forward
1 - 45% - 70% - 3:50
2 - 55% - 30% - 4:45
PP Defense
1 - 56% - 70% - 4:50
2 - 44% - 30% - 3:45
PK Forward
1 - 100% - 75% - 5:57
2 - 0% - 25% - 0:00
PK Defense
1 - 66% - 60% - 3:55
2 - 34% - 40% - 2:02
PK3 Forward
1 - 0% - 60%
2 - 0% - 40%
PK3 Defense
1 - 0% - 60%
2 - 0% - 40%
44 Forward
1 - 0% - 60%
2 - 0% - 40%
44 Defense
1 - 0% - 60%
2 - 0% - 40%
Last Minute Offensive - 0:00
Last Minute Defensive - 0:00
Total
Forward - 60:00
Defense - 60:00
|
% Time on Ice - Jets
Lines # - Real PCT - Wanted PCT - Time Play
Normal Forward
1 - 29% - 40% - 13:14
2 - 31% - 30% - 14:00
3 - 21% - 20% - 9:40
4 - 19% - 10% - 8:34
Normal Defense
1 - 33% - 40% - 15:03
2 - 32% - 30% - 14:30
3 - 30% - 20% - 13:30
4 - 5% - 10% - 2:25
PP Forward
1 - 41% - 60% - 2:26
2 - 59% - 40% - 3:31
PP Defense
1 - 66% - 60% - 3:54
2 - 34% - 40% - 2:03
PK Forward
1 - 73% - 60% - 6:16
2 - 27% - 40% - 2:19
PK Defense
1 - 39% - 60% - 3:23
2 - 61% - 40% - 5:12
PK3 Forward
1 - 0% - 60%
2 - 0% - 40%
PK3 Defense
1 - 0% - 60%
2 - 0% - 40%
44 Forward
1 - 0% - 60%
2 - 0% - 40%
44 Defense
1 - 0% - 60%
2 - 0% - 40%
Last Minute Offensive - 0:00
Last Minute Defensive - 0:00
Total
Forward - 60:00
Defense - 60:00
|
Play by Play
1st period
0:01 of 1st period - Jordan Staal wins face-off versus Mike Ribeiro in neutral zone.
0:52 of 1st period - Off-side.
0:53 of 1st period - Nick Bonino wins face-off versus Louis Leblanc in neutral zone.
1:28 of 1st period - Icing by Ryan Ellis.
1:29 of 1st period - Louis Leblanc wins face-off versus Sean Couturier in Jets zone.
1:59 of 1st period - Icing by Christian Ehrhoff.
2:00 of 1st period - Joakim Nordstrom wins face-off versus Sean Couturier in Sharks zone.
2:10 of 1st period - Shot by Sean Couturier.
2:10 of 1st period - Stopped by Ray Emery with a rebound.
2:16 of 1st period - Shot by Lars Eller.
2:16 of 1st period - Shot Misses the Net.
2:39 of 1st period - Icing by Zach Bogosian.
2:40 of 1st period - Mike Ribeiro wins face-off versus Jean-Gabriel Pageau in Sharks zone.
2:47 of 1st period - Shot by Jeff Skinner.
2:47 of 1st period - Stopped by Ray Emery without a rebound.
2:48 of 1st period - Jordan Staal wins face-off versus Nick Bonino in Jets zone.
3:04 of 1st period - John Erskine is hit by Jared Spurgeon and loses puck.
3:10 of 1st period - Jared Spurgeon is hit by John Erskine and loses puck.
4:03 of 1st period - Shot by Jeff Skinner.
4:03 of 1st period - Stopped by Ray Emery without a rebound.
4:04 of 1st period - Jean-Gabriel Pageau wins face-off versus Sean Couturier in Jets zone.
4:10 of 1st period - Sami Vatanen is hit by Christian Ehrhoff and loses puck.
6:10 of 1st period - Nick Bonino is hit by Mikkel Boedker and loses puck.
6:38 of 1st period - Joakim Nordstrom is hit by Tyler Ennis and loses puck.
6:49 of 1st period - Lars Eller is hit by Jason Zucker and loses puck.
7:09 of 1st period - Shot by Lars Eller.
7:09 of 1st period - Stopped by Ray Emery without a rebound.
7:10 of 1st period - Jordan Staal wins face-off versus Mike Ribeiro in Jets zone.
7:15 of 1st period - Jeff Skinner is hit by Tuomo Ruutu.
7:31 of 1st period - Shot by Jordan Eberle.
7:31 of 1st period - Stopped by Cory Schneider without a rebound.
7:32 of 1st period - Jordan Staal wins face-off versus Sean Couturier in Sharks zone.
7:35 of 1st period - Shot by Jordan Eberle.
7:35 of 1st period - Shot Blocked by Christian Ehrhoff.
7:53 of 1st period - Shot by Sean Couturier.
7:53 of 1st period - Stopped by Ray Emery with a rebound.
7:55 of 1st period - Shot by Jay McClement.
7:55 of 1st period - Goal by Jay McClement - Sharks : 1 - Jets : 0.
7:56 of 1st period - Louis Leblanc wins face-off versus Mike Ribeiro in neutral zone.
8:08 of 1st period - Shot by Ryan Murphy.
8:08 of 1st period - Stopped by Cory Schneider without a rebound.
8:09 of 1st period - Sean Couturier wins face-off versus Joakim Nordstrom in Sharks zone.
9:05 of 1st period - Justin Braun is hit by Mikkel Boedker and loses puck.
10:33 of 1st period - Nick Bonino is hit by Jean-Gabriel Pageau and loses puck.
10:48 of 1st period - Icing by Christian Ehrhoff.
10:49 of 1st period - Alexander Semin wins face-off versus Joakim Nordstrom in Sharks zone.
10:49 of 1st period - Alexander Semin is hit by Sean Bergenheim.
11:03 of 1st period - Shot by Tyler Ennis.
11:03 of 1st period - Shot Misses the Net.
11:05 of 1st period - Shot by Joe Corvo.
11:05 of 1st period - Stopped by Ray Emery without a rebound.
11:06 of 1st period - Sean Couturier wins face-off versus Louis Leblanc in Jets zone.
11:48 of 1st period - Icing by Sean Couturier.
11:49 of 1st period - Joakim Nordstrom wins face-off versus Sean Couturier in Sharks zone.
12:10 of 1st period - Shot by Sean Bergenheim.
12:10 of 1st period - Shot Misses the Net.
12:12 of 1st period - Shot by Jason Zucker.
12:12 of 1st period - Stopped by Cory Schneider with a rebound.
12:54 of 1st period - Shot by Tuomo Ruutu.
12:54 of 1st period - Shot Blocked by Zach Bogosian.
13:09 of 1st period - Minor Penalty to Louis Leblanc for Charging.
13:10 of 1st period - Andrew Ladd wins face-off versus Jordan Staal in Jets zone.
13:39 of 1st period - Shot by Jeff Skinner.
13:39 of 1st period - Stopped by Ray Emery without a rebound.
13:40 of 1st period - Joakim Nordstrom wins face-off versus Nick Bonino in Jets zone.
13:49 of 1st period - Shot by Jack Johnson.
13:49 of 1st period - Stopped by Ray Emery with a rebound.
13:51 of 1st period - Shot by Nick Bonino.
13:51 of 1st period - Shot Misses the Net.
14:19 of 1st period - Shot by Joe Corvo.
14:19 of 1st period - Shot Hit the Post.
14:50 of 1st period - Shot by Mike Ribeiro.
14:50 of 1st period - Stopped by Ray Emery with a rebound.
14:56 of 1st period - Shot by Andrew Ladd.
14:56 of 1st period - Shot Misses the Net.
14:58 of 1st period - Shot by Mike Ribeiro.
14:58 of 1st period - Deflect By Jeff Skinner.
14:58 of 1st period - Stopped by Ray Emery without a rebound.
14:59 of 1st period - Nick Bonino wins face-off versus Jordan Staal in Jets zone.
15:09 of 1st period - Tyler Ennis is hit by Ryan Ellis and loses puck.
15:37 of 1st period - Shot by Justin Schultz.
15:37 of 1st period - Shot Blocked by Jack Johnson.
16:01 of 1st period - Icing by Jamie Oleksiak.
16:02 of 1st period - Joakim Nordstrom wins face-off versus Mike Ribeiro in Jets zone.
16:41 of 1st period - Shot by Andrew Ladd.
16:41 of 1st period - Stopped by Ray Emery without a rebound.
16:42 of 1st period - Nick Bonino wins face-off versus Jordan Staal in Jets zone.
16:51 of 1st period - Shot by Nick Bonino.
16:51 of 1st period - Stopped by Ray Emery with a rebound.
16:57 of 1st period - Shot by Jordan Eberle.
16:57 of 1st period - Deflect By Jordan Staal.
16:57 of 1st period - Shot Misses the Net.
17:44 of 1st period - Shot by Ryan Murphy.
17:44 of 1st period - Stopped by Cory Schneider without a rebound.
17:45 of 1st period - Mike Ribeiro wins face-off versus Viktor Stalberg in Sharks zone.
19:21 of 1st period - Shot by Sean Bergenheim.
19:21 of 1st period - Shot Misses the Net.
19:39 of 1st period - Shot by Jay McClement.
19:39 of 1st period - Shot Misses the Net.
19:41 of 1st period - Shot by Jay McClement.
19:41 of 1st period - Shot Misses the Net.
Goals for this period are 1 for Sharks vs 0 for Jets.
Shots for this period are 13 for Sharks vs 4 for Jets.
2nd period
0:01 of 2nd period - Jordan Staal wins face-off versus Mike Ribeiro in neutral zone.
0:18 of 2nd period - Minor Penalty to Jordan Staal for Roughing.
0:19 of 2nd period - Nick Bonino wins face-off versus Jordan Eberle in Jets zone.
0:32 of 2nd period - Shot by Nick Bonino.
0:32 of 2nd period - Shot Blocked by Mike Green.
0:56 of 2nd period - Shot by Nick Bonino.
0:56 of 2nd period - Shot Misses the Net.
0:58 of 2nd period - Shot by Christian Ehrhoff.
0:58 of 2nd period - Shot Misses the Net.
2:01 of 2nd period - Shot by Alexander Semin.
2:01 of 2nd period - Stopped by Ray Emery without a rebound.
2:02 of 2nd period - Tuomo Ruutu wins face-off versus Nick Bonino in Jets zone.
2:25 of 2nd period - Josh Bailey is hit by Ryan Ellis and loses puck.
2:32 of 2nd period - Shot by Josh Bailey.
2:32 of 2nd period - Shot Misses the Net.
2:34 of 2nd period - Shot by Justin Braun.
2:34 of 2nd period - Shot Misses the Net.
2:36 of 2nd period - Shot by Sean Couturier.
2:36 of 2nd period - Shot Blocked by Justin Schultz.
2:38 of 2nd period - Shot by Zach Bogosian.
2:38 of 2nd period - Goal by Zach Bogosian - Sharks : 2 - Jets : 0.
2:39 of 2nd period - Sean Couturier wins face-off versus Jean-Gabriel Pageau in neutral zone.
2:39 of 2nd period - Colin McDonald is hit by Viktor Stalberg and loses puck.
2:40 of 2nd period - Minor Penalty to Jean-Gabriel Pageau for Roughing.
2:41 of 2nd period - Mike Ribeiro wins face-off versus Jordan Staal in Jets zone.
2:46 of 2nd period - Shot by Jeff Skinner.
2:46 of 2nd period - Goal by Jeff Skinner - Sharks : 3 - Jets : 0.
2:47 of 2nd period - Louis Leblanc wins face-off versus Sean Couturier in neutral zone.
2:50 of 2nd period - Justin Braun is hit by Louis Leblanc and loses puck.
2:59 of 2nd period - Shot by Mikkel Boedker.
2:59 of 2nd period - Deflect By Louis Leblanc.
2:59 of 2nd period - Stopped by Cory Schneider without a rebound.
3:00 of 2nd period - Jordan Staal wins face-off versus Jeff Skinner in Sharks zone.
4:01 of 2nd period - Shot by Tyler Ennis.
4:01 of 2nd period - Deflect By Nick Bonino.
4:01 of 2nd period - Shot Misses the Net.
4:30 of 2nd period - Shot by Mikkel Boedker.
4:30 of 2nd period - Deflect By Louis Leblanc.
4:30 of 2nd period - Goal by Louis Leblanc - Sharks : 3 - Jets : 1.
4:31 of 2nd period - Lars Eller wins face-off versus Jean-Gabriel Pageau in neutral zone.
4:53 of 2nd period - Shot by Josh Bailey.
4:53 of 2nd period - Stopped by Ray Emery without a rebound.
4:54 of 2nd period - Joakim Nordstrom wins face-off versus Mike Ribeiro in Jets zone.
4:54 of 2nd period - Sean Bergenheim is hit by Andrew Ladd and loses puck.
5:11 of 2nd period - Shot by Joakim Nordstrom.
5:11 of 2nd period - Stopped by Cory Schneider without a rebound.
5:12 of 2nd period - Sean Couturier wins face-off versus Jordan Staal in Sharks zone.
5:12 of 2nd period - Sean Couturier is hit by Jordan Staal.
5:23 of 2nd period - Jordan Eberle is hit by Zach Bogosian and loses puck.
6:21 of 2nd period - Jack Johnson is hit by Mikkel Boedker and loses puck.
6:36 of 2nd period - Shot by Jeff Skinner.
6:36 of 2nd period - Stopped by Ray Emery without a rebound.
6:37 of 2nd period - Jean-Gabriel Pageau wins face-off versus Nick Bonino in Jets zone.
6:46 of 2nd period - Shot by Colton Sceviour.
6:46 of 2nd period - Shot Misses the Net.
6:53 of 2nd period - Nick Bonino is hit by John Erskine and loses puck.
7:03 of 2nd period - Icing by John Erskine.
7:04 of 2nd period - Jean-Gabriel Pageau wins face-off versus Mike Ribeiro in Jets zone.
7:04 of 2nd period - Viktor Stalberg is hit by Andrew Ladd and loses puck.
7:11 of 2nd period - Shot by Jeff Skinner.
7:11 of 2nd period - Shot Misses the Net.
7:13 of 2nd period - Shot by Jack Johnson.
7:13 of 2nd period - Stopped by Ray Emery without a rebound.
7:14 of 2nd period - Jordan Staal wins face-off versus Sean Couturier in Jets zone.
7:37 of 2nd period - Shot by Sean Couturier.
7:37 of 2nd period - Stopped by Ray Emery without a rebound.
7:38 of 2nd period - Louis Leblanc wins face-off versus Mike Ribeiro in Jets zone.
7:42 of 2nd period - Off-side.
7:43 of 2nd period - Louis Leblanc wins face-off versus Mike Ribeiro in neutral zone.
7:45 of 2nd period - Off-side.
7:46 of 2nd period - Jordan Staal wins face-off versus Mike Ribeiro in neutral zone.
8:08 of 2nd period - Icing by Mike Green.
8:09 of 2nd period - Jordan Staal wins face-off versus Nick Bonino in Jets zone.
8:32 of 2nd period - Off-side.
8:33 of 2nd period - Mike Ribeiro wins face-off versus Louis Leblanc in neutral zone.
8:33 of 2nd period - Mike Ribeiro is hit by Mikkel Boedker.
8:37 of 2nd period - Justin Schultz is hit by Andrew Ladd and loses puck.
8:43 of 2nd period - Icing by Justin Schultz.
8:44 of 2nd period - Sean Couturier wins face-off versus Louis Leblanc in Jets zone.
8:46 of 2nd period - Josh Bailey is hit by Ryan Ellis and loses puck.
8:52 of 2nd period - Mikkel Boedker is hit by Lars Eller and loses puck.
9:10 of 2nd period - Ryan Ellis is hit by Jack Johnson.
9:13 of 2nd period - Icing by Jack Johnson.
9:14 of 2nd period - Jordan Eberle wins face-off versus Josh Bailey in Sharks zone.
9:49 of 2nd period - Shot by Jordan Eberle.
9:49 of 2nd period - Stopped by Cory Schneider with a rebound.
10:38 of 2nd period - Shot by Sean Bergenheim.
10:38 of 2nd period - Shot Blocked by Justin Braun.
10:40 of 2nd period - Shot by Sean Bergenheim.
10:40 of 2nd period - Stopped by Cory Schneider without a rebound.
10:41 of 2nd period - Nick Bonino wins face-off versus Louis Leblanc in Sharks zone.
10:41 of 2nd period - Nick Bonino is hit by Mikkel Boedker.
10:44 of 2nd period - Alexander Semin is hit by Louis Leblanc and loses puck.
11:02 of 2nd period - Alexander Semin is hit by Ryan Ellis and loses puck.
11:16 of 2nd period - Tyler Ennis is hit by Ryan Ellis and loses puck.
11:22 of 2nd period - Icing by Ryan Ellis.
11:23 of 2nd period - Mikkel Boedker wins face-off versus Mike Ribeiro in Jets zone.
12:38 of 2nd period - Minor Penalty to Sami Vatanen for Hooking.
12:39 of 2nd period - Jordan Staal wins face-off versus Nick Bonino in Jets zone.
12:39 of 2nd period - Jordan Staal is hit by Nick Bonino.
13:11 of 2nd period - Shot by Nick Bonino.
13:11 of 2nd period - Deflect By Alexander Semin.
13:11 of 2nd period - Goal by Alexander Semin - Sharks : 4 - Jets : 1.
13:12 of 2nd period - Joakim Nordstrom wins face-off versus Sean Couturier in neutral zone.
13:30 of 2nd period - Shot by Sean Couturier.
13:30 of 2nd period - Stopped by Ray Emery without a rebound.
13:31 of 2nd period - Mike Ribeiro wins face-off versus Louis Leblanc in Jets zone.
13:48 of 2nd period - Shot by Andrew Ladd.
13:48 of 2nd period - Stopped by Ray Emery without a rebound.
13:49 of 2nd period - Jordan Staal wins face-off versus Nick Bonino in Jets zone.
14:00 of 2nd period - Mike Green is hit by Nick Bonino and loses puck.
14:08 of 2nd period - Minor Penalty to Mike Green for Diving.
14:09 of 2nd period - Andrew Ladd wins face-off versus Jordan Staal in Jets zone.
14:44 of 2nd period - Shot by Jared Spurgeon.
14:44 of 2nd period - Stopped by Ray Emery with a rebound.
15:08 of 2nd period - Shot by Jack Johnson.
15:08 of 2nd period - Shot Hit the Post.
15:10 of 2nd period - Shot by Joe Corvo.
15:10 of 2nd period - Stopped by Ray Emery without a rebound.
15:11 of 2nd period - Nick Bonino wins face-off versus Joakim Nordstrom in Jets zone.
16:30 of 2nd period - Shot by Mikkel Boedker.
16:30 of 2nd period - Shot Misses the Net.
16:44 of 2nd period - Shot by Sean Couturier.
16:44 of 2nd period - Stopped by Ray Emery without a rebound.
16:45 of 2nd period - Mike Ribeiro wins face-off versus Joakim Nordstrom in Jets zone.
16:50 of 2nd period - Shot by Jeff Skinner.
16:50 of 2nd period - Stopped by Ray Emery without a rebound.
16:51 of 2nd period - Jean-Gabriel Pageau wins face-off versus Mike Ribeiro in Jets zone.
16:51 of 2nd period - Viktor Stalberg is hit by Andrew Ladd and loses puck.
16:59 of 2nd period - Colton Sceviour is hit by Jack Johnson and loses puck.
17:00 of 2nd period - Minor Penalty to Jack Johnson for Roughing.
17:01 of 2nd period - Jay McClement wins face-off versus Tuomo Ruutu in Sharks zone.
18:28 of 2nd period - Shot by Ryan Ellis.
18:28 of 2nd period - Stopped by Cory Schneider without a rebound.
18:29 of 2nd period - Mikkel Boedker wins face-off versus Lars Eller in Sharks zone.
18:42 of 2nd period - Shot by Jordan Staal.
18:42 of 2nd period - Stopped by Cory Schneider without a rebound.
18:43 of 2nd period - Jay McClement wins face-off versus Tuomo Ruutu in Sharks zone.
19:32 of 2nd period - Shot by Jeff Skinner.
19:32 of 2nd period - Shot Misses the Net.
19:59 of 2nd period - Minor Penalty to Christian Ehrhoff for Close Hand On Puck.
Goals for this period are 3 for Sharks vs 1 for Jets.
Shots for this period are 14 for Sharks vs 7 for Jets.
3rd period
0:01 of 3rd period - Jordan Staal wins face-off versus Jay McClement in neutral zone.
0:10 of 3rd period - Shot by Jordan Staal.
0:10 of 3rd period - Stopped by Cory Schneider without a rebound.
0:11 of 3rd period - Tuomo Ruutu wins face-off versus Jay McClement in Sharks zone.
0:32 of 3rd period - Shot by Tuomo Ruutu.
0:32 of 3rd period - Stopped by Cory Schneider without a rebound.
0:33 of 3rd period - Jay McClement wins face-off versus Jordan Staal in Sharks zone.
2:18 of 3rd period - Shot by Nick Bonino.
2:18 of 3rd period - Shot Misses the Net.
2:20 of 3rd period - Shot by Joe Corvo.
2:20 of 3rd period - Stopped by Ray Emery without a rebound.
2:21 of 3rd period - Louis Leblanc wins face-off versus Mike Ribeiro in Jets zone.
2:38 of 3rd period - Andrew Ladd is hit by Louis Leblanc.
3:21 of 3rd period - Minor Penalty to Justin Braun for Interference.
3:22 of 3rd period - Jay McClement wins face-off versus Sean Bergenheim in Sharks zone.
4:30 of 3rd period - Off-side.
4:31 of 3rd period - Jordan Staal wins face-off versus Jay McClement in neutral zone.
4:52 of 3rd period - Shot by Mikkel Boedker.
4:52 of 3rd period - Shot Misses the Net.
4:54 of 3rd period - Shot by Viktor Stalberg.
4:54 of 3rd period - Stopped by Cory Schneider without a rebound.
4:55 of 3rd period - Lars Eller wins face-off versus Tuomo Ruutu in Sharks zone.
4:55 of 3rd period - Lars Eller is hit by Tuomo Ruutu.
5:22 of 3rd period - Shot by Tuomo Ruutu.
5:22 of 3rd period - Shot Misses the Net.
5:44 of 3rd period - Shot by Tyler Ennis.
5:44 of 3rd period - Stopped by Ray Emery with a rebound.
5:52 of 3rd period - Shot by Alexander Semin.
5:52 of 3rd period - Shot Misses the Net.
5:54 of 3rd period - Shot by Alexander Semin.
5:54 of 3rd period - Shot Misses the Net.
6:08 of 3rd period - Jamie Oleksiak is hit by Andrew Ladd and loses puck.
6:21 of 3rd period - Shot by Mike Ribeiro.
6:21 of 3rd period - Stopped by Ray Emery without a rebound.
6:22 of 3rd period - Louis Leblanc wins face-off versus Sean Couturier in Jets zone.
6:35 of 3rd period - Shot by Sean Couturier.
6:35 of 3rd period - Shot Blocked by Ryan Ellis.
6:37 of 3rd period - Shot by Lars Eller.
6:37 of 3rd period - Stopped by Ray Emery without a rebound.
6:38 of 3rd period - Joakim Nordstrom wins face-off versus Jeff Skinner in Jets zone.
6:44 of 3rd period - Jason Zucker is hit by Jack Johnson and loses puck.
6:52 of 3rd period - Sean Bergenheim is hit by Jared Spurgeon and loses puck.
7:07 of 3rd period - Shot by Jason Zucker.
7:07 of 3rd period - Shot Misses the Net.
8:17 of 3rd period - Icing by Justin Braun.
8:18 of 3rd period - Jean-Gabriel Pageau wins face-off versus Nick Bonino in Sharks zone.
8:18 of 3rd period - Justin Schultz is hit by Zach Bogosian and loses puck.
8:21 of 3rd period - Shot by Viktor Stalberg.
8:21 of 3rd period - Deflect By Colton Sceviour.
8:21 of 3rd period - Stopped by Cory Schneider without a rebound.
8:22 of 3rd period - Sean Couturier wins face-off versus Louis Leblanc in Sharks zone.
8:27 of 3rd period - Justin Schultz is hit by Lars Eller and loses puck.
8:36 of 3rd period - Shot by Josh Bailey.
8:36 of 3rd period - Deflect By Sean Couturier.
8:36 of 3rd period - Stopped by Ray Emery with a rebound.
8:52 of 3rd period - Shot by Mikkel Boedker.
8:52 of 3rd period - Deflect By Ryan Murphy.
8:52 of 3rd period - Stopped by Cory Schneider without a rebound.
8:53 of 3rd period - Joakim Nordstrom wins face-off versus Nick Bonino in Sharks zone.
8:56 of 3rd period - Shot by Jason Zucker.
8:56 of 3rd period - Stopped by Cory Schneider without a rebound.
8:57 of 3rd period - Jordan Staal wins face-off versus Mike Ribeiro in Sharks zone.
9:04 of 3rd period - Shot by Jordan Eberle.
9:04 of 3rd period - Stopped by Cory Schneider without a rebound.
9:05 of 3rd period - Jordan Staal wins face-off versus Alexander Semin in Sharks zone.
9:30 of 3rd period - Shot by Alexander Semin.
9:30 of 3rd period - Shot Misses the Net.
9:32 of 3rd period - Shot by Alexander Semin.
9:32 of 3rd period - Goal by Alexander Semin - Sharks : 5 - Jets : 1.
9:33 of 3rd period - Louis Leblanc wins face-off versus Mike Ribeiro in neutral zone.
10:08 of 3rd period - Zach Bogosian is hit by Ryan Murphy and loses puck.
10:25 of 3rd period - Jack Johnson is hit by Mikkel Boedker and loses puck.
10:36 of 3rd period - Shot by Lars Eller.
10:36 of 3rd period - Shot Misses the Net.
11:10 of 3rd period - Icing by Jared Spurgeon.
11:11 of 3rd period - Sean Couturier wins face-off versus Joakim Nordstrom in Sharks zone.
11:36 of 3rd period - Shot by Tyler Ennis.
11:36 of 3rd period - Shot Misses the Net.
11:40 of 3rd period - Shot by Nick Bonino.
11:40 of 3rd period - Stopped by Ray Emery without a rebound.
11:41 of 3rd period - Mike Ribeiro wins face-off versus Jordan Staal in Jets zone.
12:14 of 3rd period - Zach Bogosian is hit by Tuomo Ruutu and loses puck.
12:48 of 3rd period - Shot by Nick Bonino.
12:48 of 3rd period - Shot Blocked by Sami Vatanen.
13:02 of 3rd period - Shot by Tyler Ennis.
13:02 of 3rd period - Stopped by Ray Emery with a rebound.
13:04 of 3rd period - Shot by Christian Ehrhoff.
13:04 of 3rd period - Stopped by Ray Emery with a rebound.
13:06 of 3rd period - Shot by Alexander Semin.
13:06 of 3rd period - Shot Misses the Net.
13:08 of 3rd period - Shot by Joe Corvo.
13:08 of 3rd period - Stopped by Ray Emery without a rebound.
13:09 of 3rd period - Joakim Nordstrom wins face-off versus Sean Couturier in Jets zone.
13:34 of 3rd period - Minor Penalty to Ryan Ellis for Holding.
13:35 of 3rd period - Mike Ribeiro wins face-off versus Jordan Staal in Jets zone.
13:58 of 3rd period - Shot by Andrew Ladd.
13:58 of 3rd period - Stopped by Ray Emery without a rebound.
13:59 of 3rd period - Jordan Staal wins face-off versus Nick Bonino in Jets zone.
14:05 of 3rd period - Icing by Nick Bonino.
14:06 of 3rd period - Jordan Staal wins face-off versus Nick Bonino in Sharks zone.
14:11 of 3rd period - Shot by Jordan Eberle.
14:11 of 3rd period - Deflect By Jordan Staal.
14:11 of 3rd period - Stopped by Cory Schneider with a rebound.
14:29 of 3rd period - Jamie Oleksiak is hit by Tyler Ennis and loses puck.
15:02 of 3rd period - Icing by Jared Spurgeon.
15:03 of 3rd period - Joakim Nordstrom wins face-off versus Mike Ribeiro in Sharks zone.
15:04 of 3rd period - Shot by Jean-Gabriel Pageau.
15:04 of 3rd period - Shot Blocked by Andrew Ladd.
16:01 of 3rd period - Shot by Mikkel Boedker.
16:01 of 3rd period - Stopped by Cory Schneider with a rebound.
16:29 of 3rd period - Shot by Tyler Ennis.
16:29 of 3rd period - Shot Blocked by Mike Green.
16:53 of 3rd period - Shot by Nick Bonino.
16:53 of 3rd period - Shot Blocked by Mike Green.
16:55 of 3rd period - Shot by Nick Bonino.
16:55 of 3rd period - Shot Misses the Net.
16:59 of 3rd period - Shot by Alexander Semin.
16:59 of 3rd period - Shot Misses the Net.
18:07 of 3rd period - Off-side.
18:08 of 3rd period - Ryan Murphy wins face-off versus Sean Couturier in neutral zone.
18:54 of 3rd period - Icing by Justin Schultz.
18:55 of 3rd period - Nick Bonino wins face-off versus Louis Leblanc in Jets zone.
19:02 of 3rd period - Shot by Tyler Ennis.
19:02 of 3rd period - Deflect By Alexander Semin.
19:02 of 3rd period - Goal by Alexander Semin - Sharks : 6 - Jets : 1.
19:03 of 3rd period - Mike Ribeiro wins face-off versus Jean-Gabriel Pageau in neutral zone.
19:45 of 3rd period - Icing by Mike Green.
19:46 of 3rd period - Nick Bonino wins face-off versus Jean-Gabriel Pageau in Jets zone.
Goals for this period are 2 for Sharks vs 0 for Jets.
Shots for this period are 12 for Sharks vs 9 for Jets.
Output by the SimonT Hockey Simulator (STHS) for Mathias Vaigur -- Original Page W3C XHTML 1.0 Valid